 Dungeon Crawl Stone Soup version 0.27-a0-512-g57cc695410 (webtiles) character file.

Game seed: 15324011017464694650

564 siradein the Chopper (level 7, -11/52 HPs)
             Began as a Demonspawn Berserker on Mar 4, 2021.
             Was a Priest of Trog.
             Splashed by Pikel's acid (14 damage)
             ... on level 4 of the Dungeon.
             The game lasted 00:08:42 (5058 turns).

siradein the Chopper (Demonspawn Berserker)         Turns: 5058, Time: 00:08:42

Health: -11/52     AC:  5    Str: 18    XL:     7   Next: 10%
Magic:  16/16      EV:  7    Int:  8    God:    Trog [***...]
Gold:   221        SH:  5    Dex: 14    Spells: 6/6 levels left

rFire    . . .     SeeInvis .   z - +0 war axe
rCold    . . .     Faith    .   (no shield)
rNeg     . . .     Spirit   .   n - +0 chain mail
rPois    .         Reflect  +   (helmet restricted)
rElec    .         Harm     .   t - +0 cloak
rCorr    .         Rampage  .   (no gloves)
Will     ++...                  (no boots)
Stlth    ..........             i - amulet of reflection
HPRegen  1.17/turn              v - ring of magical power
MPRegen  0.15/turn              (no ring)

@: corroded, regenerating
A: horns 1, demonic guardian 1, demonic magic 1
a: Renounce Religion, Berserk, Trog's Hand


You were on level 4 of the Dungeon.
You worshipped Trog.
Trog was most pleased with you.
You visited 1 branch of the dungeon, and saw 4 of its levels.

You collected 221 gold pieces.

Inventory:

Hand Weapons
 z - a +0 war axe (weapon)
Missiles
 c - a throwing net
 d - 48 bolts
 l - 4 curare-tipped darts
 q - 6 datura-tipped darts
 r - 23 poisoned darts (quivered)
Armour
 n - a +0 chain mail (worn)
 t - a +0 cloak (worn)
Jewellery
 a - a ring of magical power
 i - an amulet of reflection (around neck)
 v - a ring of magical power (left hand)
 x - a ring of magical power
 B - a ring of protection from fire
Wands
 m - a wand of iceblast (10)
 s - a wand of digging (5)
 u - a wand of paralysis (4)
 y - a wand of polymorph (6)
Scrolls
 f - a scroll of teleportation
 g - a scroll of enchant armour {unknown}
 h - a scroll of immolation {unknown}
 o - a scroll of amnesia {unknown}
 p - a scroll of fear {unknown}
 A - a scroll of identify
Potions
 b - 2 potions of attraction
 e - 2 potions of flight
 j - a potion of berserk rage
 k - 2 potions of curing
 w - a potion of ambrosia {unknown}
 C - a potion of resistance {unknown}


   Skills:
 - Level 3.0 Fighting
 + Level 7.5 Axes
 - Level 1.7 Armour
 - Level 1.7 Dodging


You had 6 spell levels left.
You didn't know any spells.
Your spell library was empty.

Dungeon Overview and Level Annotations

Branches:
Dungeon (4/15)
 Temple: D:4-7

Altars:
Makhleb
Sif Muna
Wu Jian
Yredelemnul
Zin
The Shining One

Annotations:
D:4 Pikel


Innate Abilities, Weirdness & Mutations

You have a pair of small horns on your head.
A weak demonic guardian rushes to your aid.
Spells you cast may paralyse adjacent enemies.


Message History

You open the door.
There is an open door here.
Pikel the Slaver comes into view.
He is wielding a +0 whip of flaming and carrying a wand of acid (10).
A lemure comes into view.
Pikel shouts!
You hear a shout!
A lemure comes into view. 2 lemures come into view.
The lemure shouts! x2
Pikel hits you but does no damage.
You hit Pikel. Your headbutt misses Pikel.
Pikel is lightly wounded.
You slash the lemure! You block the lemure's attack. Pikel barely misses you.
You slash Pikel!
Pikel is moderately wounded.
You hit the lemure.
Pikel zaps a wand.
The bolt of acid hits you!!
A demonic guardian appears!
You are splashed with acid!
Your skin crawls.
You feel strong-willed. The lemure hits you. You block Pikel's attack.
You block the lemure's attack.
Your white imp gestures at the lemure.
The puff of frost hits the lemure!
You slash Pikel! You headbutt Pikel.
Pikel is severely wounded.
You completely miss the lemure. You closely miss the lemure.
The lemure hits you.
* * * LOW HITPOINT WARNING * * *
Pikel zaps a wand.
The bolt of acid misses you. The lemure hits you but does no damage.
Your white imp gestures at the lemure.
The puff of frost hits the lemure.
You miss Pikel. Your headbutt misses Pikel.
Pikel is severely wounded.
You slash the lemure!
You strike the helpless lemure from behind!
You hit the lemure but do no damage. The lemure hits you.
* * * LOW HITPOINT WARNING * * *
Pikel zaps a wand.
The bolt of acid hits you!
* * * LOW HITPOINT WARNING * * *
The acid corrodes you!
You are splashed with acid!
You die...

######........#
###.#>...
#........#
#...##...
#........#
#...##8..
#........#####
##..# ##8
#####........#
########
#.......<#
#....
#........#
#....
#..5.....#
#....
#..5@#####
#.... #.5K5#
##... #...5#
##... #....#
#.... #....#
#.... #....#
#####... #....#
##..##...
#....#
#....#...
#....#...


You could see Pikel, 4 lemures and a friendly white imp (summoned).

Vanquished Creatures
  Grinder (D:4)
  An ogre (D:4)
  A scorpion (D:4)
  An orc priest (D:4)
  Ijyb (D:4)
  3 orc wizards (D:4)
  2 adders (D:2)
  3 oozes (D:3)
  3 worms
  3 dart slugs
  2 leopard geckos (D:2)
  4 orcs (D:4)
  4 giant cockroaches
  10 goblins
  8 hobgoblins
  7 jackals
  3 quokkas
  4 bats
  7 frilled lizards
  6 kobolds
  4 rats
78 creatures vanquished.

Vanquished Creatures (collateral kills)
  A goblin (D:1)
  A hobgoblin (D:1)
  A bat (D:1)
3 creatures vanquished.

Vanquished Creatures (others)
  2 plants (D:4)
  3 withered plants (D:3)
5 creatures vanquished.

Grand Total: 86 creatures vanquished

Notes
Turn   | Place    | Note
-------+----------+-------------------------------------------
     0 | D:1      | siradein the Demonspawn Berserker began the quest for the
                  | Orb.
     0 | D:1      | Reached XP level 1. HP: 18/18 MP: 1/1
   133 | D:1      | Reached skill level 3 in Axes
   308 | D:1      | Gained mutation: A weak demonic guardian rushes to your
                  | aid. [demonic ancestry]
   308 | D:1      | Reached XP level 2. HP: 24/24 MP: 2/2
  1392 | D:1      | Reached XP level 3. HP: 23/29 MP: 3/3
  1813 | D:2      | Found a faded altar of an unknown god.
  1823 | D:2      | Reached skill level 4 in Axes
  1828 | D:2      | Reached ** piety under Trog
  2100 | D:2      | Gained mutation: You have a pair of small horns on your
                  | head. [demonic ancestry]
  2100 | D:2      | Reached XP level 4. HP: 19/35 MP: 4/4
  2254 | D:2      | Found a shimmering blue altar of Sif Muna.
  2640 | D:2      | Found an ornate altar of the Wu Jian Council.
  2897 | D:3      | Found a basalt altar of Yredelemnul.
  3175 | D:3      | Found a glowing golden altar of the Shining One.
  3770 | D:4      | Reached skill level 5 in Axes
  3770 | D:4      | Gained mutation: Spells you cast may paralyse adjacent
                  | enemies. [demonic ancestry]
  3770 | D:4      | Reached XP level 5. HP: 7/41 MP: 5/5
  3999 | D:4      | Noticed Ijyb
  4010 | D:4      | Killed Ijyb
  4121 | D:4      | Noticed Grinder
  4154 | D:4      | Killed Grinder
  4155 | D:4      | Reached skill level 6 in Axes
  4155 | D:4      | Reached XP level 6. HP: 36/47 MP: 6/6
  4252 | D:4      | Reached skill level 7 in Axes
  4688 | D:4      | Found a burning altar of Makhleb.
  4748 | D:4      | Reached XP level 7. HP: 52/52 MP: 7/7
  4767 | D:4      | Reached *** piety under Trog
  4842 | D:4      | Found a glowing silver altar of Zin.
  5048 | D:4      | Noticed Pikel
  5058 | D:4      | Splashed by Pikel's acid

Illustrated notes

Levels and vault maps discovered:
D:1:      grunt_arrival_crossed_arrows, layout_rooms, minmay_misc_feat_ornament
D:2:      layout_basic, lemuel_doored_altar, lemuel_coloured_pillars_altar,
          chequers_ecumenical_altar_simple_redux
D:3:      cheibrodos_helix_gallery, layout_basic, yredelemnul_altar_generic,
          overflow_temple_1_default
D:4:      cheibrodos_old_hovel, layout_gridville,
          nicolae_overflow_hidden_temple, kennysheep_little_box, uniq_pikel,
          uniq_ijyb, uniq_grinder

Skill      XL: |  1  2  3  4  5  6 |
---------------+-------------------+-----
Axes           | 3 4 5 6 7 |  7.5
Fighting       | |  3.0
Armour         | |  1.7
Dodging        | |  1.7

Action                   |  1- 3 |  4- 6 |  7- 9 || total
-------------------------+-------+-------+-------++-------
Melee: Hand axe          |   150 |   103 |       ||   253
       Headbutt          |       |    26 |     3 ||    29
       War axe           |       |    29 |    22 ||    51
Throw: Dart              |       |     3 |       ||     3
Invok: Trog's Hand       |       |     1 |     1 ||     2
  Use: Scroll            |       |     6 |       ||     6
       Potion            |       |     1 |       ||     1
 Stab: Sleeping          |     1 |       |       ||     1
       Distracted        |       |       |     1 ||     1
Armor: Animal skin       |    30 |     2 |       ||    32
       Chain mail        |       |    28 |    14 ||    42
Dodge: Dodged            |   101 |    35 |     5 ||   141
Block: Other             |    10 |    27 |     4 ||    41
       Reflection        |     1 |       |       ||     1

Table legend: (Time is in decaauts)
 A = Elapsed time spent in this place.
 B = Non-inter-level travel time spent in this place.
 C = Inter-level travel time spent in this place.
 D = Time resting spent in this place.
 E = Time spent auto-exploring this place.
 F = Levels seen in this place.
 G = Mean time per level.
                   A        B        C        D        E       F      G
               +--------+--------+--------+--------+--------+-----+--------+
         Total |   5087 |   5020 |     67 |    188 |   4008 |   4 | 1271.8 |
       Dungeon |   5087 |   5020 |     67 |    188 |   4008 |   4 | 1271.8 |
               +--------+--------+--------+--------+--------+-----+--------+

Top non-repeatable levels by time:
     D:1: 1546 daAuts
     D:2: 1369 daAuts
     D:4: 1310 daAuts
     D:3: 860 daAuts
